 Dungeon Crawl Stone Soup version 0.25.1-2-g60ff931df9 (webtiles) character file.

Game seed: 7305682658379224985

123 Delamore the Shield-Bearer (level 5, -1/33 HPs)
             Began as a Gargoyle Fighter on Aug 29, 2020.
             Was an Initiate of Okawaru.
             Killed from afar by an orc wizard (6 damage)
             ... with a magic dart
             ... on level 2 of the Dungeon.
             The game lasted 00:02:20 (2697 turns).

Delamore the Shield-Bearer (Gargoyle Fighter)       Turns: 2697, Time: 00:02:21

Health: -1/33      AC: 11    Str: 21    XL:     5   Next: 7%
Magic:  5/5        EV:  7    Int:  8    God:    Okawaru [......]
Gold:   126        SH:  9    Dex:  9    Spells: 4/4 levels left

rFire    . . .     SeeInvis .   a - +0 flail
rCold    . . .     Gourm    .   c - +0 kite shield
rNeg     + . .     Faith    .   b - +0 scale mail
rPois    ∞         Spirit   .   j - -1 helmet (curse)
rElec    +         Reflect  .   (no cloak)
rCorr    .         Harm     .   (no gloves)
MR       .....                  (no boots)
Stlth    ..........             (no amulet)
HPRegen  0.11/turn              (no ring)
MPRegen  0.09/turn              (no ring)

@: no status effects
A: negative energy resistance 1, electricity resistance, unbreathing,
petrification resistance, rot immunity, AC +4
a: Renounce Religion


You were on level 2 of the Dungeon.
You worshipped Okawaru.
Okawaru was noncommittal.
You were not hungry.

You visited 1 branch of the dungeon, and saw 3 of its levels.

You collected 126 gold pieces.

Inventory:

Hand Weapons
 a - a +0 flail (weapon)
Armour
 b - a +0 scale mail (worn)
 c - a +0 kite shield (worn)
 j - a cursed -1 helmet (worn)
Scrolls
 e - 5 scrolls of identify {unknown}
 g - a scroll of remove curse {unknown}
 h - 2 scrolls of teleportation {unknown}
 k - a scroll of immolation {unknown}
 n - 2 scrolls of amnesia {unknown}
 o - a scroll of random uselessness {unknown}
 s - a scroll of fog {unknown}
Potions
 d - a potion of might
 l - a potion of curing {unknown}
 m - a potion of resistance {unknown}
 p - a potion of heal wounds {unknown}
 q - a potion of lignification {unknown}
 r - a potion of stabbing {unknown}
Comestibles
 f - 4 rations
 i - 3 chunks of flesh


   Skills:
 + Level 4.1 Fighting
 + Level 3.0 Maces & Flails
 + Level 4.2 Armour
 + Level 4.2 Shields


You had 4 spell levels left.
You didn't know any spells.
Your spell library was empty.

Dungeon Overview and Level Annotations

Branches:
Dungeon (3/15)

Altars:
Ashenzari
Okawaru
Trog


Innate Abilities, Weirdness & Mutations

You are resistant to torment.
Your stone body is resilient. (AC +4)
You are immune to poison.
You resist negative energy. (rN+)
You are resistant to electric shocks. (rElec)
You can survive without breathing.
You are immune to petrification.
You are immune to rotting.


Message History

The magic dart hits you.
An orc wizard appears from thin air!
Reactivating autopickup.
The orc wizard hits you but does no damage.
Your scale mail prevents you from hitting the orc wizard.
You feel less confused.
The orc wizard hits you but does no damage. x2
You barely miss the orc wizard.
The orc wizard hits you but does no damage.
You barely miss the orc wizard.
The orc wizard gestures at you while chanting.
The puff of flame hits you.
* * * LOW HITPOINT WARNING * * *
You block the orc wizard's attack.
You barely miss the orc wizard. You block the orc wizard's attack.
You hit the orc wizard.
The orc wizard is moderately wounded.
The orc wizard casts a spell at you. The magic dart hits you.
You die...

########## .........#
########.# ####### # #.#
###.....###### # #.#
####............# # #.#
#...............# #
####.###......###......## #
#....(..)>..o.#_#.......## #
#.##(####...@.#+#...)....#
#####.##.#
#.#####.#####..#.##
.......#.# #.# #........#..#
#####..#.#
#.#####........##.# #
#..#.####.##.....########.###
#
#..#.##......................
#
#..#.##....................##
#..#.##.........(..........##
#..#.##......................


You could see an orc wizard.

Vanquished Creatures
  3 adders
  An ooze (D:1)
  A worm (D:2)
  2 dart slugs
  4 leopard geckos
  3 orcs (D:3)
  4 ball pythons
  3 giant cockroaches
  10 hobgoblins
  4 quokkas
  2 bats
  4 frilled lizards (D:2)
  12 goblins
  11 kobolds
  8 rats
72 creatures vanquished.

Notes
Turn   | Place    | Note
-------+----------+-------------------------------------------
     0 | D:1      | Delamore the Gargoyle Fighter began the quest for the Orb.
     0 | D:1      | Reached XP level 1. HP: 14/14 MP: 1/1
    74 | D:1      | Reached XP level 2. HP: 7/19 MP: 2/2
   605 | D:1      | Reached XP level 3. HP: 17/23 MP: 3/3
  1087 | D:2      | Found a bloodstained altar of Trog.
  1185 | D:2      | You fall into a shaft and drop 1 floor!
  1323 | D:3      | Reached XP level 4. HP: 25/29 MP: 4/4
  1726 | D:2      | Found an iron altar of Okawaru.
  1731 | D:2      | Became a worshipper of Warmaster Okawaru
  1833 | D:2      | Found a shattered altar of Ashenzari.
  2400 | D:2      | Reached XP level 5. HP: 33/33 MP: 5/5
  2697 | D:2      | Killed from afar by an orc wizard

Illustrated notes

Levels and vault maps discovered:
D:1:      dpeg_arrival_shelter, layout_loops_ring
D:2:      layout_basic, bloody_trog, ashenzari_conservatory_becter,
          okawaru_metal_pillars_1_2, first_ration
D:3:      wad_crossroads, layout_basic, overflow_temple_1_default

Skill      XL: |  1  2  3  4 |
---------------+-------------+-----
Shields        | 4 |  4.2
Fighting       | 4 |  4.1
Armour         | 4 |  4.2
Maces & Flails | 3 |  3.0

Action                   |  1- 3 |  4- 6 || total
-------------------------+-------+-------++-------
Melee: Flail             |   147 |   161 ||   308
  Eat: Chunk             |     2 |     4 ||     6
Armor: Scale mail        |    72 |   119 ||   191
Dodge: Dodged            |    52 |    69 ||   121
Block: Kite shield       |    63 |    90 ||   153
